Map: Ascension to Aiur LE

Players

Shadow

  • Race: Terran Terran
  • League: Diamond
  • Spawn Location: 11:00

Yamapickle - Winner!

  • Race: Zerg Zerg
  • League: Diamond
  • Spawn Location: 5:00

VOD

Have the link to the VOD?

Description

Time

  • Played on: Nov. 19, 2017, 7:31 p.m.
  • Length: 17:52
Show
View Real Time Build Order
Export as new Build Order

Shadow Terran 

Build Orders:  

Get SALT Encoding   

  12  0:01  SCV  
  13  0:13  SCV  
  14  0:19  Supply Depot  
  14  0:25  SCV  
  15  0:40  SCV  
  15  0:42  Barracks  
  16  0:47  Supply Depot  
  16  1:01  Barracks  
  16  1:13  Barracks  
  16  1:23  Barracks  
  16  1:37  Barracks  
  16  1:49  Orbital Command  
  16  1:53  Marine  
  17  1:57  Marine  
  18  2:01  Marine  
  19  2:09  Marine  
  19  2:11  Marine  
  19  2:14  Marine  
  22  2:19  Marine  
  23  2:24  Marine  
  23  2:27  Marine  
  23  2:29  Supply Depot  
  25  2:30  Marine  
  25  2:34  Marine  
  27  2:37  Marine  
  27  2:42  Marine  
  29  2:45  Marine  
  29  2:49  Marine  
  31  2:51  Marine  
  31  2:54  Marine  
  33  2:59  Marine  
  33  3:03  Marine  
  35  3:07  Marine  
  36  3:16  Marine x2  
  36  3:17  Marine  
  39  3:22  Supply Depot  
  39  3:34  Marine  
  39  3:35  Marine  
  39  3:36  Marine  
  38  3:42  Marine  
  38  3:43  Marine  
  39  3:52  Marine  
  39  3:53  Marine  
  39  3:54  Marine  
  40  4:06  Marine  
  40  4:07  Marine  
  42  4:10  Marine  
  42  4:11  Marine  
  42  4:12  Supply Depot, Marine  
  45  4:24  Marine x2  
  45  4:28  Marine  
  45  4:29  Marine  
  45  4:30  Marine  
  47  4:42  Marine x2  
  45  4:46  Marine  
  45  4:47  Marine  
  45  4:48  Marine  
  42  5:00  Marine x2  
  42  5:03  Marine  
  42  5:04  Marine  
  42  5:07  Marine  
  46  5:08  Command Center  
  47  5:21  Marine x3  
  47  5:22  Marine  
  47  5:24  Marine  
  48  5:38  Marine  
  48  5:39  Marine x2  
  48  5:40  Marine  
  48  5:42  Marine  
  48  5:49  SCV  
  50  5:56  Marine x2  
  52  5:57  Marine  
  52  5:58  Marine  
  52  6:01  SCV  
  53  6:06  Marine  
  53  6:13  SCV  
  53  6:14  Marine  
  55  6:20  Marine  
  55  6:22  Supply Depot, Orbital Command  
  55  6:25  SCV  
  57  6:28  Refinery  
  56  6:34  Marine x2  
  58  6:46  Marine  
  58  6:47  Marine x2  
  54  6:52  Marine  
  55  6:58  Marine  
  49  7:04  SCV, Marine x2  
  49  7:05  SCV, Marine  
  54  7:11  Marine  
  55  7:16  SCV, Marine  
  55  7:29  Marine  
  42  7:30  Marine x3  
  42  7:34  Marine  
  42  7:35  SCV  
  42  7:36  SCV  
  49  7:47  Marine x2  
  49  7:48  SCV x2, Marine  
  55  7:52  Barracks Tech Lab, Marine  
  55  8:00  SCV x2  
  55  8:03  Bunker  
  55  8:05  Marine x2  
  58  8:11  Command Center  
  58  8:12  SCV x2  
  61  8:20  Stimpack  
  61  8:21  Marine x3  
  61  8:24  SCV x2  
  66  8:31  Marine x2  
  68  8:36  SCV x2  
  68  8:39  Marine x2  
  71  8:48  SCV  
  71  8:51  SCV  
  71  8:53  Marine x3  
  75  8:57  Marine x2  
  75  9:00  SCV  
  78  9:03  Engineering Bay  
  78  9:05  Engineering Bay  
  78  9:06  Factory  
  78  9:07  Refinery  
  78  9:10  Refinery  
  78  9:13  Supply Depot, Marine  
  78  9:14  SCV  
  80  9:17  Supply Depot  
  80  9:20  SCV  
  81  9:27  Marine x3  
  81  9:28  Marine  
  85  9:36  SCV  
  85  9:37  SCV  
  87  9:42  Terran Infantry Weapons Level 1  
  87  9:48  SCV  
  87  9:50  SCV  
  87  9:51  Orbital Command  
  89  9:55  Terran Infantry Armor Level 1  
  89  9:56  Factory Tech Lab  
  89  9:59  Refinery, Marine x2  
  91  10:00  SCV  
  91  10:02  SCV  
  91  10:03  Marine x3  
  96  10:12  SCV  
  86  10:14  SCV  
  86  10:17  Marine x2  
  86  10:21  Marine x3  
  76  10:35  Marine x2  
  75  10:38  Marine  
  75  10:39  Marine x2  
  67  10:45  SCV x3  
  70  10:52  Armory  
  70  10:53  Siege Tank, Marine x2  
  70  10:56  Marine x2  
  70  10:57  Marine  
  77  10:58  SCV x3  
  81  11:05  Starport  
  81  11:10  SCV x3  
  81  11:11  Bunker, Marine x2  
  86  11:14  Marine x3  
  89  11:22  SCV x3  
  89  11:25  Siege Tank  
  95  11:28  Marine  
  95  11:29  Marine  
  95  11:32  Marine x3  
  99  11:34  Supply Depot  
  99  11:35  Supply Depot  
  99  11:37  Supply Depot  
  100  11:45  Refinery  
  100  11:46  Marine x2  
  97  11:47  Starport Reactor  
  97  11:50  Marine x3  
  97  12:01  Missile Turret  
  97  12:02  Missile Turret  
  97  12:04  Marine x2  
  97  12:07  Marine  
  97  12:08  Marine x2  
  100  12:15  Combat Shields  
  100  12:20  Missile Turret  
  100  12:22  Marine x2  
  102  12:23  Missile Turret x3  
  102  12:25  Marine x2  
  102  12:26  Marine  
  102  12:29  Missile Turret  
  105  12:32  Missile Turret  
  105  12:33  Medivac  
  105  12:34  Medivac  
  107  12:51  SCV x3, Siege Tank  
  113  13:00  Terran Infantry Weapons Level 2  
  113  13:03  Barracks Reactor x2, Marine  
  114  13:09  SCV x3  
  114  13:11  Refinery  
  117  13:17  Command Center  
  117  13:19  Command Center  
  117  13:21  SCV x2, Terran Infantry Armor Level 2  
  117  13:23  Marine  
  117  13:24  Marine x2  
  121  13:38  Siege Tank  
  121  13:41  Marine x3  
  127  13:50  Sensor Tower  
  128  13:55  SCV x2  
  128  13:56  SCV  
  128  13:57  Sensor Tower  
  128  13:59  Marine x3  
  133  14:14  Liberator x2  
  133  14:19  Marine  
  133  14:20  Marine x6  
  140  14:29  Siege Tank  
  149  14:32  Orbital Command  
  149  14:37  Marine x6  
  149  14:38  Marine  
  156  14:55  Marine x4  
  156  14:58  Marine x2  
  156  14:59  Marine  
  130  15:01  Siege Tank  
  121  15:12  Marine  
  121  15:13  Marine x3  
  115  15:16  Marine x3  
  107  15:29  Orbital Command  
  107  15:30  Marine  
  107  15:31  Marine x3  
  107  15:32  SCV x3  
  107  15:33  SCV, Siege Tank  
  107  15:34  Marine  
  119  15:56  Missile Turret  
  119  16:01  Sensor Tower  
  119  16:15  SCV x5  
  124  16:26  Marine x4  
  124  16:27  SCV, Barracks Reactor  
  124  16:28  Barracks Reactor  
  124  16:30  Siege Tank  
  128  16:50  Marine  
  128  16:51  Marine x4  
  85  17:03  Marine x2  
  85  17:08  Marine x5  
  76  17:20  Marine  
  76  17:21  Marine  
  66  17:23  Marine x2  
  66  17:26  Marine x5  
Show
View Real Time Build Order
Export as new Build Order

Yamapickle Zerg - Winner!

Build Orders: Hatch First, Muta Ling Bane 

Get SALT Encoding   

  12  0:02  Drone  
  13  0:12  Overlord  
  13  0:18  Drone  
  14  0:32  Drone x2  
  17  0:35  Drone  
  17  0:54  Hatchery  
  16  0:57  Drone  
  16  1:00  Extractor  
  16  1:02  Drone  
  17  1:18  Spawning Pool  
  16  1:23  Drone x2  
  18  1:29  Drone  
  19  1:42  Overlord  
  19  2:05  Queen x2, Metabolic Boost  
  19  2:08  Zergling x2  
  24  2:09  Zergling x2  
  24  2:14  Drone  
  24  2:15  Drone  
  27  2:17  Drone  
  29  2:22  Drone  
  29  2:32  Drone  
  30  2:37  Drone  
  30  2:41  Queen  
  33  2:47  Zergling x4  
  33  2:50  Spine Crawler  
  34  2:52  Spine Crawler  
  33  3:01  Spine Crawler  
  34  3:05  Drone x4  
  34  3:12  Overlord  
  36  3:17  Overlord  
  35  3:35  Zergling x12  
  35  3:41  Queen x2  
  42  3:55  Overlord x2  
  42  3:56  Overlord  
  36  4:07  Baneling Nest  
  36  4:09  Drone  
  36  4:11  Overlord x2  
  36  4:21  Zergling x6  
  36  4:22  Zergling x4  
  37  4:36  Drone x2  
  37  4:37  Drone x3  
  41  4:46  Zergling x2  
  36  4:53  Queen  
  36  4:54  Queen  
  40  5:01  Hatchery  
  40  5:03  Zergling x2  
  40  5:05  Zergling x2  
  41  5:07  Baneling x2  
  41  5:12  Zergling x6  
  44  5:23  Zergling x12  
  47  5:37  Zergling x2  
  47  5:38  Zergling x4  
  49  5:43  Lair  
  47  5:50  Extractor  
  47  5:51  Baneling x3  
  47  5:53  Extractor  
  47  5:54  Zergling x2  
  46  6:02  Zergling x6  
  39  6:08  Zergling x4  
  40  6:19  Zergling x10  
  45  6:31  Zergling x2  
  45  6:32  Zergling x4  
  46  6:34  Queen  
  45  6:44  Zergling x6  
  45  6:45  Queen  
  47  6:48  Zergling x6  
  47  6:59  Zergling x6  
  47  7:01  Baneling x4  
  47  7:02  Queen, Baneling  
  47  7:06  Centrifical Hooks  
  49  7:12  Zergling x4  
  45  7:29  Zergling x12  
  46  7:33  Baneling x2  
  46  7:36  Queen  
  48  7:38  Drone x2  
  50  7:45  Zergling x4  
  52  8:02  Zergling x2  
  52  8:03  Zergling x2  
  54  8:09  Drone  
  54  8:11  Drone x3  
  54  8:12  Hatchery  
  57  8:26  Pneumatized Carapace  
  57  8:29  Drone x3  
  57  8:32  Extractor  
  59  8:35  Drone  
  59  8:36  Drone, Spire  
  59  8:40  Zergling x2  
  59  8:41  Zergling x2  
  62  8:48  Baneling x2  
  61  8:51  Drone x2  
  61  8:55  Drone x2  
  65  8:57  Overlord x2  
  65  9:16  Zergling x2  
  66  9:18  Drone x8  
  66  9:19  Drone x2  
  76  9:24  Zergling x6  
  76  9:25  Zergling x2  
  76  9:27  Baneling  
  76  9:28  Baneling x3  
  80  9:34  Evolution Chamber  
  80  9:35  Zergling x2  
  80  9:49  Mutalisk x3  
  80  9:52  Overlord x2  
  86  9:59  Overseer  
  79  10:16  Zergling x14  
  79  10:17  Zergling x14  
  84  10:26  Zergling x2  
  84  10:27  Zergling x2  
  81  10:37  Zergling x6  
  81  10:41  Baneling  
  81  10:42  Baneling x4  
  84  10:46  Mutalisk  
  84  10:47  Mutalisk x5  
  97  10:50  Zergling x2  
  97  10:51  Zergling x2  
  97  10:53  Baneling x2  
  98  11:04  Baneling x4  
  98  11:06  Queen  
  98  11:07  Extractor  
  99  11:16  Zerg Flyer Weapons Level 1  
  99  11:18  Overseer  
  99  11:20  Drone  
  99  11:21  Drone x3  
  99  11:22  Overlord  
  99  11:23  Overlord x2  
  103  11:31  Infestation Pit  
  102  12:02  Zergling x2  
  102  12:03  Zergling x10  
  102  12:07  Zergling x8  
  102  12:08  Zergling x14  
  117  12:18  Pathogen Glands  
  117  12:21  Hatchery  
  117  12:22  Drone x3  
  119  12:25  Extractor  
  118  12:30  Zerg Melee Weapons Level 1  
  118  12:33  Evolution Chamber  
  115  12:49  Infestor  
  115  12:50  Infestor x4  
  115  12:52  Extractor  
  115  12:55  Extractor  
  115  12:56  Drone  
  115  12:57  Drone x4  
  115  12:58  Overlord x4  
  118  12:59  Overlord  
  118  13:18  Hive  
  118  13:19  Burrow  
  118  13:43  Queen  
  118  13:46  Zerg Ground Armor Level 1  
  118  13:47  Queen  
  122  13:55  Overseer  
  122  13:59  Zergling x2  
  122  14:00  Zergling x32  
  122  14:01  Zergling x18  
  148  14:03  Baneling  
  148  14:04  Baneling x7  
  148  14:22  Zergling x2  
  148  14:23  Zergling x24  
  157  14:32  Adrenal Glands  
  157  14:33  Ultralisk Cavern  
  141  14:54  Zergling x2  
  141  14:55  Zergling x30  
  141  14:58  Zergling x2  
  141  14:59  Zergling x2  
  130  15:20  Zergling x18  
  130  15:21  Zergling x4  
  131  15:22  Hatchery  
  131  15:24  Baneling x2  
  131  15:25  Baneling x17  
  126  15:36  Greater Spire  
  126  15:38  Zergling x16  
  126  15:39  Zergling x2  
  135  15:52  Ultralisk  
  135  15:55  Drone x3  
  135  15:56  Drone x3  
  147  15:59  Drone  
  147  16:00  Drone x4  
  152  16:14  Ultralisk  
  152  16:15  Zergling x8  
  152  16:16  Zergling x4  
  164  16:29  Overlord x2  
  164  16:30  Overlord x3  
  140  16:50  Zergling x2  
  140  16:51  Zergling x30  
  140  16:52  Zergling x2  
  139  17:02  Corruptor x2  
  141  17:13  Corruptor x3  
  133  17:22  Corruptor  
  133  17:23  Zergling x2  
  133  17:24  Zergling x6  
Tags
 
Add a new tag
Caveats
  • Supply blocks, unpowered buildings, or Contaminate may cause inaccurate times.
  • Supply counts are checked every 10 seconds.